 Dungeon Crawl Stone Soup version 0.29.0-4-gdea44cf6ec (webtiles) character file.

Game seed: 2787726155499596074

496 qw the Chopper (level 7, 0/41 HPs)
             Began as a Tengu Warper on Aug 28, 2022.
             Slain by an orc
             ... wielding a +0 trident
              (5 damage)
             ... on level 5 of the Dungeon.
             The game lasted 00:00:21 (4819 turns).

qw the Chopper (Tengu Warper)                       Turns: 4819, Time: 00:00:21

Health: 0/41       AC: 14    Str: 13    XL:     7   Next: 15%
Magic:  11/11      EV:  7    Int: 13    God:
Gold:   208        SH:  0    Dex: 14    Spells: 10/10 levels left

rFire   . . .      SeeInvis .   Y - +2 war axe (pain)
rCold   . . .      Faith    .   (no shield)
rNeg    + + .      Spirit   .   e - +0 chain mail
rPois   .          Reflect  .   (helmet restricted)
rElec   .          Harm     .   i - +2 cloak of Itireju {Rampage rN++ Stlth+}
rCorr   .          Rampage  +   d - +1 pair of gloves
Will    .....                   (boots unavailable)
Stlth   ..........              j - amulet of the acrobat
HPRegen 0.13/turn               (no ring)
MPRegen 0.12/turn               (no ring)

@: flying quickly and evasively, quick
A: beak, talons 3, nimble flight
a: no special abilities


You were on level 5 of the Dungeon.
You visited 1 branch of the dungeon, and saw 5 of its levels.

You collected 208 gold pieces.


Innate Abilities, Weirdness & Mutations

You have a beak for a mouth.
You have claws for feet.
Your magical nature lets you fly swiftly and evasively.


   Skills:
 - Level 3.1 Fighting
 + Level 7.2 Axes
 - Level 1.0 Throwing
 - Level 3.0 Armour
 - Level 2.1 Dodging
 - Level 2.0 Spellcasting
 - Level 2.4 Translocations


You had 10 spell levels left.
You didn't know any spells.
Your spell library contained the following spells:

 Spells                   Type           Power      Damage    Failure   Level
 Blink                    Tloc           14%        N/A       99%         2
 Gell's Gravitas          Tloc           7%         N/A       100%        3
 Lesser Beckoning         Tloc           7%         N/A       100%        3
 Teleport Other           Tloc           7%         N/A       100%        3
 Manifold Assault         Tloc           7%         N/A       100%        5

Inventory:

Hand Weapons
 g - a +0 morningstar
 Y - a +2 war axe of pain (weapon)
Missiles
 f - 3 javelins (quivered)
 p - 6 boomerangs
Armour
 d - a +1 pair of gloves (worn)
 e - a +0 chain mail (worn)
 i - the +2 cloak of Itireju (worn) {Rampage rN++ Stlth+}
   (You acquired it on level 4 of the Dungeon)

   rN:        It greatly protects you from negative energy.
   Rampage:   It bestows one free step when moving towards enemies.
   Stlth:     It makes you more stealthy.
Jewellery
 j - an amulet of the acrobat (around neck)
Scrolls
 a - a scroll of teleportation
 c - a scroll of identify
Potions
 b - a potion of cancellation
 n - a potion of resistance {unknown}
 o - a potion of curing {unknown}

Dungeon Overview and Level Annotations

Branches:
Dungeon (5/15)
 Temple: D:4-7

Altars:


Message History

You hit the orc wizard. Your kick misses the orc wizard.
The orc wizard is lightly wounded.
You hit something but do no damage. The orc wizard barely misses you.
You slash the orc wizard!
The orc wizard is heavily wounded.
You miss something.
The orc throws a boomerang.
The boomerang hits you but does no damage.
You hear some strange, mumbled words.
A magic dart appears from out of thin air!
The magic dart hits you.
The orc wizard points at you and mumbles some strange words.
You are more confused.
Something hits you but does no damage.
The orc wizard hits you but does no damage.
The orc hits you but does no damage.
You miss the orc wizard. You claw the orc wizard.
You peck the orc wizard, but do no damage.
The orc wizard is severely wounded.
You miss something. The orc hits you but does no damage.
The orc wizard barely misses you. Something hits you but does no damage.
You slash something! You hit the orc wizard.
You kill the orc wizard!
The orc closely misses you. Something hits you but does no damage.
Your Armour skill increases to level 3!
Something hits you but does no damage. The orc barely misses you.
You're too confused to move!
The orc hits you but does no damage. Something hits you but does no damage.
The orc misses you.
You're too confused to move!
The orc hits you from afar with a +0 trident.
You completely miss something. Your kick misses something.
You feel less confused.
You hear some strange, mumbled words.
A magic dart appears from out of thin air!
The magic dart hits you!
The orc hits you from afar with a +0 trident.
You die...

.).....###.#..##.## .#..
###.##.###.#......# ...#
.............###..# ....
#...<......#.###..##..#
<.....<................##
.......#####.##.....#...#
#.#.#### #.##......# .# #
#......#### .#
#.##)@{o..# .#
#.##.#%).#...# .#
#.##.#)#....## .#
#.##.#.##..#.# #(#.#
....# ....# .#..# .####
.##... . .# #.## .# ##


You could see an orc.

Vanquished Creatures
  Edmund (D:4)
  A scorpion (D:5)
  A necrophage (D:5)
  2 hounds (D:4)
  2 iguanas
  An orc wizard (D:5)
  Robin (D:4)
  5 adders
  An ufetubus (D:5)
  A worm (D:2)
  A dart slug (D:1)
  6 orcs
  7 bats
  2 endoplasms
  3 giant cockroaches
  14 goblins
  6 hobgoblins
  A jackal (D:2)
  2 kobolds
  2 quokkas
  4 ball pythons
  4 frilled lizards
  6 rats
74 creatures vanquished.

Notes
Turn   | Place    | Note
-------+----------+-------------------------------------------
     0 | D:1      | qw the Tengu Warper began the quest for the Orb.
     0 | D:1      | Reached XP level 1. HP: 12/12 MP: 4/4
     0 | D:1      | 0 ||| qw: Version: 0.1-a-89-g26bdef1
     0 | D:1      | 0 ||| qw: Game counter: 3033
     0 | D:1      | 0 ||| qw: Always use a shield: true
     0 | D:1      | 0 ||| qw: God list: Okawaru
     0 | D:1      | 0 ||| qw: Allow faded altars: false
     0 | D:1      | 0 ||| qw: Do Orc after D:15 true
     0 | D:1      | 0 ||| qw: Do second Lair branch before Depths: true
     0 | D:1      | 0 ||| qw: Lair rune preference: random
     0 | D:1      | 0 ||| qw: Plans: Normal
     0 | D:1      | 0 ||| PLANNING D:1-11
    73 | D:1      | 73 ||| Stepping ~*~*~tactically~*~*~ (hiding).
   156 | D:1      | Reached XP level 2. HP: 17/17 MP: 6/6
   194 | D:1      | Found a faded altar of an unknown god.
   216 | D:1      | Reached skill level 3 in Axes
   499 | D:1      | 499 ||| Stepping ~*~*~tactically~*~*~ (stealth).
  1139 | D:1      | 1139 ||| UPGRADING to +0 chain mail.
  1149 | D:1      | 1149 ||| DROPPING +0 leather armour.
  1150 | D:1      | 1150 ||| UPGRADING to +0 cloak.
  1155 | D:1      | 1155 ||| READING scroll labelled MAVIFOELAO.
  1160 | D:1      | 1160 ||| DROPPING scroll of blinking.
  1256 | D:2      | Reached XP level 3. HP: 14/21 MP: 7/7
  1434 | D:2      | Reached skill level 4 in Axes
  1625 | D:2      | 1625 ||| SWAPPING to +1 war axe of pain.
  1626 | D:2      | 1626 ||| DROPPING +0 hand axe.
  1993 | D:2      | 1993 ||| DROPPING +0 club.
  2185 | D:2      | 2185 ||| UPGRADING to amulet of the acrobat.
  2190 | D:2      | 2190 ||| READING scroll labelled AFOFECOPLO.
  2191 | D:2      | 2191 ||| READING 3 scrolls labelled BETOTOSOMU.
  2192 | D:2      | 2192 ||| READING scroll labelled IMAILL ZOILA.
  2193 | D:2      | 2193 ||| READING 2 scrolls of identify.
  2193 | D:2      | 2193 ||| IDENTIFYING bubbling emerald potion
  2286 | D:3      | Reached XP level 4. HP: 26/26 MP: 8/8
  2642 | D:3      | Reached skill level 5 in Axes
  2834 | D:3      | 2834 ||| UPGRADING to +0 pair of gloves.
  2839 | D:3      | 2839 ||| UPGRADING to +2 cloak.
  2849 | D:3      | 2849 ||| DROPPING +0 cloak.
  2850 | D:3      | 2850 ||| READING scroll labelled QIUSAH SIRE.
  2865 | D:4      | 2865 ||| PLANNING SEWER
  3014 | D:4      | 3014 ||| DROPPING +0 mace.
  3112 | D:4      | Gained mutation: Your magical nature lets you fly swiftly
                  | and evasively. [Tengu growth]
  3112 | D:4      | Reached XP level 5. HP: 30/30 MP: 9/9
  3145 | D:4      | 3145 ||| READING scroll of enchant armour.
  3145 | D:4      | 3145 ||| ENCHANTING +0 pair of gloves.
  3576 | D:4      | 3576 ||| Stepping ~*~*~tactically~*~*~ (hiding).
  3577 | D:4      | 3577 ||| Stepping ~*~*~tactically~*~*~ (hiding).
  3679 | D:4      | 3679 ||| RIP SEWER
  3683 | D:4      | 3683 ||| PLANNING D:1-11
  3777 | D:4      | Noticed Robin
  3784 | D:4      | HP: 7/30 [goblin/+0 club[Robin] (4)]
  3785 | D:4      | 3785 ||| READING scroll of teleportation.
  4130 | D:4      | Killed Robin
  4131 | D:4      | Reached skill level 6 in Axes
  4181 | D:4      | Noticed Edmund
  4187 | D:4      | HP: 5/30 [Edmund/+3 flail of protection (4)]
  4188 | D:4      | Killed Edmund
  4189 | D:4      | Reached XP level 6. HP: 6/35 MP: 10/10
  4666 | D:4      | 4666 ||| READING scroll labelled IXZEAN LASY.
  4667 | D:4      | 4667 ||| READING scroll labelled YLURGH ANNASU.
  4667 | D:4      | Identified a scroll of acquirement
  4667 | D:4      | 4667 ||| ACQUIRING +2 cloak of Itireju {Rampage rN++
                  | Stlth+}
  4667 | D:4      | Acquired the +2 cloak of Itireju {Rampage rN++ Stlth+}
  4669 | D:4      | 4669 ||| UPGRADING to +2 cloak of Itireju {Rampage rN++
                  | Stlth+}.
  4679 | D:4      | 4679 ||| DROPPING +2 cloak.
  4680 | D:4      | 4680 ||| READING scroll labelled TUGIEDYSYE.
  4681 | D:4      | 4681 ||| READING 3 scrolls of identify.
  4681 | D:4      | 4681 ||| IDENTIFYING clear potion
  4682 | D:4      | 4682 ||| READING 2 scrolls of identify.
  4682 | D:4      | 4682 ||| IDENTIFYING puce potion
  4683 | D:4      | 4683 ||| DROPPING potion of lignification.
  4684 | D:4      | 4684 ||| DROPPING potion of degeneration.
  4725 | D:5      | Entered Level 5 of the Dungeon
  4767 | D:5      | Reached skill level 7 in Axes
  4799 | D:5      | Reached XP level 7. HP: 37/40 MP: 11/11
  4800 | D:5      | 4800 ||| Stepping ~*~*~tactically~*~*~ (hiding).
  4806 | D:5      | Reached skill level 3 in Fighting
  4814 | D:5      | Reached skill level 3 in Armour
  4819 | D:5      | HP: 5/41 [something/magic dart (7)]
  4819 | D:5      | Slain by an orc

Levels and vault maps discovered:
D:1:      dpeg_arrival_rooms_b, layout_basic, dreamdust_ecumenical_altar_statues
D:2:      layout_basic, minmay_close_crescents
D:3:      layout_loops_cross, st_stairs_14
D:4:      layout_loops_corners, portal_sewer_entry_e, uniq_robin, uniq_edmund
D:5:      layout_loops_ring, minmay_temple_entry_arrows

Skill      XL: |  1  2  3  4  5  6  7 |
---------------+----------------------+-----
Axes           | 3 4 5 6 7 |  7.2
Armour         | 2 3 |  3.0
Fighting       | 3 |  3.1
Throwing       | |  1.0
Dodging        | |  2.1
Spellcasting   | |  2.0
Translocations | |  2.4

Action                   |  1- 3 |  4- 6 |  7- 9 || total
-------------------------+-------+-------+-------++-------
Melee: Hand axe          |    61 |       |       ||    61
       Kick              |    16 |    12 |     1 ||    29
       Peck              |    14 |     8 |     1 ||    23
       War axe           |    14 |    64 |     8 ||    86
       Punch             |       |     2 |       ||     2
Throw: Boomerang         |     7 |     1 |       ||     8
       Javelin           |       |    25 |       ||    25
  Use: Scroll            |     5 |     8 |       ||    13
Armor: Chain mail        |    25 |    36 |    12 ||    73
       Leather armour    |     5 |       |       ||     5
Dodge: Dodged            |    17 |    25 |     6 ||    48

Table legend:
 A = Non-vault XP
 B = Vault XP
 C = Vault XP percentage of total XP
 D = Non-vault monster count
 E = Vault monster count
 F = Vault count percentage of total count
                 A         B        C        D         E       F
            +---------+---------+-------+---------+---------+-------
      Total |     506 |     203 |  28.6 |      55 |      19 |  25.7
            +---------+---------+-------+---------+---------+-------
        D:1 |      27 |       0 |   0.0 |      16 |       0 |   0.0
        D:2 |      38 |       9 |  19.1 |       8 |       5 |  38.5
        D:3 |      64 |       2 |   3.0 |      17 |       1 |   5.6
        D:4 |     129 |     192 |  59.8 |       6 |      13 |  68.4
        D:5 |     248 |       0 |   0.0 |       8 |       0 |   0.0
            +---------+---------+-------+---------+---------+-------
